Penguins vs Blues

Created - 23 janvier 2020 at 16:23

Goals
1 2 3 T
Penguins 0 1 0 1
Blues 0 3 0 3
Shots
1 2 3 T
Penguins 11 12 8 31
Blues 13 8 7 28

1st period

No Goal

Penalties :
Markus Granlund (PIT) for Roughing (Minor) at 5:25, Auston Matthews (PIT) for Roughing (Minor) at 17:25

2nd period

1. Penguins , Reid Boucher 6 (Marcus Foligno 1, Tyler Myers 5) at 5:00
2. Blues , Denis Malgin 7 (Jeremy Bracco 5, Ryan Reaves 4) at 10:01
3. Blues , Colin White 17 (Anthony Cirelli 12) at 15:17
4. Blues , Ryan Reaves 2 (Denis Malgin 7, Matt Benning 10) at 16:38

Penalties :
Anthony Cirelli (STL) for Interference (Minor) at 2:23, Roman Polak (PIT) for Roughing (Minor) at 5:22, Adam Lowry (PIT) for Roughing (Minor) at 19:47

3rd period

No Goal

Penalties :
David Schlemko (STL) for Hooking (Minor) at 12:30

Goalie Stats

Jack Campbell (PIT), 25 saves from 28 shots - (0,893), L, 6-5-2, 60:00 minutes
Jonathan Quick (STL), 30 saves from 31 shots - (0,968), W, 14-18-3, 60:00 minutes

Players Stats for Penguins

Player Name              G  A  P  +/- PIM S  H  SB GA TA FO     MP     PP MP  PK MP  
------------------------------------------------------------------------------------
Adam Lowry               0  0  0  -1  2   2  0  0  0  1  11/14  17:31   1:28   3:02 
Auston Matthews          0  0  0  -1  2   2  0  3  0  1  16/29  17:35   2:29   0:00 
Brent Burns              0  0  0  -1  0   0  1  0  2  0  0/0    18:51   2:33   0:00 
Brian Boyle              0  0  0   0  0   0  1  0  0  2  5/8    12:27   0:00   1:33 
Cale Makar               0  0  0  -2  0   2  1  1  1  1  0/0    23:03   2:33   4:57 
Dmitry Orlov             0  0  0   0  0   1  1  3  0  0  0/0    19:51   1:25   2:26 
Joel Armia               0  0  0  -1  0   0  1  0  1  0  0/0    16:36   1:28   2:03 
Marcus Foligno           0  1  1   0  0   0  2  1  0  0  0/0     8:55   0:00   0:00 
Markus Granlund          0  0  0  -1  2   4  3  0  0  0  0/0    18:00   1:28   1:21 
Mikael Granlund          0  0  0  -1  0   3  1  0  1  1  1/1    21:34   2:29   4:13 
Mikkel Boedker           0  0  0   0  0   0  0  0  0  0  1/1    10:52   0:01   0:00 
Miro Heiskanen           0  0  0  -1  0   0  1  1  0  1  0/0    19:02   1:25   1:07 
Patric Hornqvist         0  0  0  -1  0   6  1  0  0  0  0/1    15:09   2:27   0:00 
Reid Boucher             1  0  1   0  0   3  1  0  0  0  2/3    11:26   0:00   2:26 
Roman Polak              0  0  0   1  2   2  2  3  0  0  0/0    20:18   0:00   3:36 
Sam Bennett              0  0  0   0  0   5  2  0  0  0  0/0    11:51   0:00   0:40 
Tim Schaller             0  0  0   0  0   0  0  0  0  1  2/4     9:28   0:00   0:33 
Tyler Myers              0  1  1  -1  0   1  3  0  0  1  0/0    18:27   0:00   3:13 
Vladimir Sobotka         0  0  0   0  0   0  0  0  0  0  0/0     1:04   0:04   0:34 

Players Stats for Blues

Player Name              G  A  P  +/- PIM S  H  SB GA TA FO     MP     PP MP  PK MP  
------------------------------------------------------------------------------------
Adam Fox                 0  0  0  -1  0   0  2  0  0  0  0/0    11:40   0:00   0:00 
Anthony Cirelli          0  1  1   0  2   3  0  1  0  0  14/34  21:55   4:16   0:51 
Brendan Smith            0  0  0  -1  0   0  0  1  0  0  0/0    12:38   0:00   0:58 
Cody Eakin               0  0  0   0  0   2  2  1  0  1  1/5    22:57   4:16   1:52 
Colin White              1  0  1   0  0   7  3  1  1  0  0/1    22:27   4:32   1:04 
Corey Perry              0  0  0   0  0   0  1  1  0  0  0/1    14:55   3:24   0:00 
Curtis Lazar             0  0  0   0  0   1  1  1  1  0  0/0    11:33   0:16   0:00 
David Schlemko           0  0  0   1  2   1  1  0  0  0  0/0    23:33   4:52   1:11 
Denis Malgin             1  1  2   2  0   2  0  0  1  0  0/1     9:17   0:00   0:50 
Dominik Simon            0  0  0   0  0   2  1  0  1  0  3/4    11:17   0:00   0:00 
Jason Demers             0  0  0   1  0   0  2  3  1  1  0/0    25:14   4:52   2:32 
Jeremy Bracco            0  1  1   2  0   1  0  0  1  0  0/0     8:43   0:16   0:00 
Jordan Oesterle          0  0  0   1  0   2  4  0  0  0  0/0    18:20   3:04   1:26 
MacKenzie Weegar         0  0  0   1  0   1  0  1  0  1  0/0     5:30   0:00   0:23 
Matt Benning             0  1  1   1  0   1  0  0  0  1  0/0    18:20   3:04   1:26 
Matt Martin              0  0  0   0  0   0  0  0  0  0  0/2    12:43   0:00   1:26 
Melker Karlsson          0  0  0   0  0   3  1  1  1  1  3/11   16:06   3:24   1:11 
Michael Frolik           0  0  0   0  0   0  2  0  2  0  2/2    15:39   3:24   0:42 
Ryan Reaves              1  1  2   2  0   2  2  0  0  0  0/0     8:27   0:00   0:00 
Ryan Sproul              0  0  0   1  0   0  0  0  0  0  0/0     4:46   0:00   0:00 

3 Stars

1 - Ryan Reaves (STL)
2 - Jonathan Quick (STL)
3 - Denis Malgin (STL)

Power Play

Penguins - 0 on 2 Attempt(s) - 0,00%
Blues - 0 on 4 Attempt(s) - 0,00%

Penalty Kill

Penguins - 4 on 4 Attempt(s) - 100,00% - Score 0 goal in Penalty Kill
Blues - 2 on 2 Attempt(s) - 100,00% - Score 0 goal in Penalty Kill

Team Stat

Penguins - Hits : 21 - Faceoff Wins : 38 - Blocked Shots : 12 - Penalty Minutes : 8
Blues - Hits : 22 - Faceoff Wins : 23 - Blocked Shots : 11 - Penalty Minutes : 4

Official

Referees : Kelly Sutherland and Evgeny Romasko
Linesman : Vaughan Rody and Ryan Galloway

Game Notes

No Game Note

Finance

Level 1 -- Attendance: 4242 (70,70%) -- Ticket Income 424 200 $
Level 2 -- Attendance: 4676 (93,52%) -- Ticket Income 280 560 $
Level 3 -- Attendance: 1416 (70,80%) -- Ticket Income 56 640 $
Level 4 -- Attendance: 2268 (56,70%) -- Ticket Income 68 040 $
Luxury Box -- Attendance: 727 (72,70%) -- Ticket Income 145 400 $
Game was played at the St.Louis Garden.
Total Attendance: 13329 (74,05%)
Total Ticket Income: 974 840 $
Other Income: 477 672 $
Total Income: 1 452 512 $

Penguins

5 vs 5 Forward 
   Center                   Left Wing                Right Wing               Time % Phy DF OF 
 1 Auston Matthews          Mikael Granlund          Markus Granlund          35     0   1  3  
 2 Adam Lowry               Patric Hornqvist         Joel Armia               30     1   2  2  
 3 Brian Boyle              Sam Bennett              Mikkel Boedker           20     1   2  2  
 4 Tim Schaller             Marcus Foligno           Reid Boucher             15     1   2  2  

5 vs 5 Defense 
   Defense                  Defense                                           Time % Phy DF OF 
 1 Brent Burns              Miro Heiskanen                                    36     0   3  2  
 2 Roman Polak              Dmitry Orlov                                      34     0   3  2  
 3 Cale Makar               Tyler Myers                                       30     0   3  2  
 4 Miro Heiskanen           Brent Burns                                       0      1   2  2  

PowerPlay Forward 
   Center                   Left Wing                Right Wing               Time % Phy DF OF 
 1 Auston Matthews          Mikael Granlund          Patric Hornqvist         60     1   2  2  
 2 Markus Granlund          Adam Lowry               Joel Armia               40     1   2  2  

PowerPlay Defense
   Defense                  Defense                                           Time % Phy DF OF 
 1 Brent Burns              Cale Makar                                        60     1   2  2  
 2 Miro Heiskanen           Dmitry Orlov                                      40     1   2  2  

Penalty Kill 4 Players Forward 
   Center                   Wing                     Time % Phy DF OF 
 1 Adam Lowry               Mikael Granlund          60     1   2  2  
 2 Markus Granlund          Joel Armia               40     1   2  2  

Penalty Kill 4 Players Defense
   Defense                  Defense                  Time % Phy DF OF 
 1 Roman Polak              Cale Makar               60     1   2  2  
 2 Tyler Myers              Dmitry Orlov             40     1   2  2  

Penalty Kill - 3 Players Forward 
   Forward                                           Time % Phy DF OF 
 1 Adam Lowry                                        60     1   2  2  
 2 Brian Boyle                                       40     1   2  2  

Penalty Kill - 3 Players Defense
   Defense                  Defense                  Time % Phy DF OF 
 1 Tyler Myers              Brian Boyle              60     1   2  2  
 2 Roman Polak              Dmitry Orlov             40     1   2  2  

4 vs 4 Forward 
   Center                   Wing                     Time % Phy DF OF 
 1 Auston Matthews          Mikael Granlund          60     1   2  2  
 2 Adam Lowry               Patric Hornqvist         40     1   2  2  

4 vs 4 Defense
   Defense                  Defense                  Time % Phy DF OF 
 1 Brent Burns              Brian Boyle              60     1   2  2  
 2 Roman Polak              Dmitry Orlov             40     1   2  2  

Last Minutes Offensive
   Center                   Left Wing                Right Wing               Defense                  Defense                  
   Auston Matthews          Mikael Granlund          Patric Hornqvist         Brent Burns              Cale Makar               

Last Minutes Defensive
   Center                   Left Wing                Right Wing               Defense                  Defense                  
   Adam Lowry               Brian Boyle              Markus Granlund          Roman Polak              Tyler Myers              

Goaltenders
Starting : Jack Campbell            
Backup : Tuukka Rask              

Extra Forwards
Normal : Vladimir Sobotka, Mikkel Boedker, Reid Boucher - PP : Vladimir Sobotka, Mikkel Boedker - PK : Reid Boucher
Extra Defensemen
Normal : Cale Makar, Tyler Myers, Tim Schaller - PP : Cale Makar - PK : Tyler Myers, Tim Schaller
Penalty Shots
Brent Burns, Auston Matthews, Reid Boucher, Mikael Granlund, Patric Hornqvist
Custom OT Lines Forwards
Auston Matthews, Patric Hornqvist, Markus Granlund, Mikael Granlund, Sam Bennett, Joel Armia, Adam Lowry, Marcus Foligno, Tim Schaller, Mikkel Boedker
Custom OT Lines Defensemen
Brent Burns, Brian Boyle, Cale Makar, Dmitry Orlov, Miro Heiskanen

Scratches
Niklas Kronwall (Healthy)

Blues

5 vs 5 Forward 
   Center                   Left Wing                Right Wing               Time % Phy DF OF 
 1 Anthony Cirelli          Cody Eakin               Colin White              40     1   2  2  
 2 Melker Karlsson          Michael Frolik           Corey Perry              30     1   2  2  
 3 Dominik Simon            Matt Martin              Curtis Lazar             20     1   2  2  
 4 Denis Malgin             Ryan Reaves              Jeremy Bracco            10     1   2  2  

5 vs 5 Defense 
   Defense                  Defense                                           Time % Phy DF OF 
 1 David Schlemko           Jason Demers                                      40     1   2  2  
 2 Jordan Oesterle          Matt Benning                                      30     1   2  2  
 3 Adam Fox                 Brendan Smith                                     20     1   2  2  
 4 MacKenzie Weegar         Ryan Sproul                                       10     1   2  2  

PowerPlay Forward 
   Center                   Left Wing                Right Wing               Time % Phy DF OF 
 1 Anthony Cirelli          Cody Eakin               Colin White              60     1   2  2  
 2 Melker Karlsson          Michael Frolik           Corey Perry              40     1   2  2  

PowerPlay Defense
   Defense                  Defense                                           Time % Phy DF OF 
 1 David Schlemko           Jason Demers                                      60     1   2  2  
 2 Jordan Oesterle          Matt Benning                                      40     1   2  2  

Penalty Kill 4 Players Forward 
   Center                   Wing                     Time % Phy DF OF 
 1 Anthony Cirelli          Cody Eakin               60     1   2  2  
 2 Colin White              Michael Frolik           40     1   2  2  

Penalty Kill 4 Players Defense
   Defense                  Defense                  Time % Phy DF OF 
 1 David Schlemko           Jason Demers             60     1   2  2  
 2 Jordan Oesterle          Matt Benning             40     1   2  2  

Penalty Kill - 3 Players Forward 
   Forward                                           Time % Phy DF OF 
 1 Anthony Cirelli                                   60     1   2  2  
 2 Cody Eakin                                        40     1   2  2  

Penalty Kill - 3 Players Defense
   Defense                  Defense                  Time % Phy DF OF 
 1 David Schlemko           Jason Demers             60     1   2  2  
 2 Jordan Oesterle          Matt Benning             40     1   2  2  

4 vs 4 Forward 
   Center                   Wing                     Time % Phy DF OF 
 1 Anthony Cirelli          Cody Eakin               60     1   2  2  
 2 Colin White              Michael Frolik           40     1   2  2  

4 vs 4 Defense
   Defense                  Defense                  Time % Phy DF OF 
 1 David Schlemko           Jason Demers             60     1   2  2  
 2 Jordan Oesterle          Matt Benning             40     1   2  2  

Last Minutes Offensive
   Center                   Left Wing                Right Wing               Defense                  Defense                  
   Anthony Cirelli          Cody Eakin               Colin White              David Schlemko           Jason Demers             

Last Minutes Defensive
   Center                   Left Wing                Right Wing               Defense                  Defense                  
   Anthony Cirelli          Cody Eakin               Colin White              David Schlemko           Jason Demers             

Goaltenders
Starting : Jonathan Quick           
Backup : Tom McCollum             

Extra Forwards
Normal : Curtis Lazar, Jeremy Bracco, Matt Martin - PP : Curtis Lazar, Jeremy Bracco - PK : Matt Martin
Extra Defensemen
Normal : Adam Fox, Brendan Smith, MacKenzie Weegar - PP : Adam Fox - PK : Brendan Smith, MacKenzie Weegar
Penalty Shots
Anthony Cirelli, Cody Eakin, Colin White, Michael Frolik, Corey Perry
Custom OT Lines Forwards
Anthony Cirelli, Cody Eakin, Colin White, Michael Frolik, Corey Perry, Curtis Lazar, Jeremy Bracco, Matt Martin, Melker Karlsson, Dominik Simon
Custom OT Lines Defensemen
David Schlemko, Jason Demers, Jordan Oesterle, Matt Benning, Adam Fox

Scratches
Zach Sanford (Healthy)

% Time on Ice - Penguins

Lines # - Real PCT - Wanted PCT - Time Play
Normal Forward
1 - 32% - 35% - 15:18
2 - 27% - 30% - 13:05
3 - 22% - 20% - 10:48
4 - 19% - 15% - 8:55
Normal Defense
1 - 36% - 36% - 17:31
2 - 34% - 34% - 16:15
3 - 30% - 30% - 14:20
4 - 0% - 0% - 0:00
PP Forward
1 - 63% - 60% - 2:30
2 - 37% - 40% - 1:28
PP Defense
1 - 64% - 60% - 2:33
2 - 36% - 40% - 1:25
PK Forward
1 - 74% - 60% - 5:53
2 - 26% - 40% - 2:03
PK Defense
1 - 69% - 60% - 5:30
2 - 31% - 40% - 2:26
PK3 Forward
1 - 0% - 60%
2 - 0% - 40%
PK3 Defense
1 - 0% - 60%
2 - 0% - 40%
44 Forward
1 - 0% - 60%
2 - 0% - 40%
44 Defense
1 - 0% - 60%
2 - 0% - 40%
Last Minute Offensive  - 0:00
Last Minute Defensive  - 0:00
Total
Forward - 60:00
Defense - 60:00

% Time on Ice - Blues

Lines # - Real PCT - Wanted PCT - Time Play
Normal Forward
1 - 35% - 40% - 16:49
2 - 24% - 30% - 11:33
3 - 23% - 20% - 11:17
4 - 18% - 10% - 8:27
Normal Defense
1 - 37% - 40% - 17:50
2 - 29% - 30% - 13:50
3 - 24% - 20% - 11:40
4 - 10% - 10% - 4:46
PP Forward
1 - 57% - 60% - 4:32
2 - 43% - 40% - 3:24
PP Defense
1 - 61% - 60% - 4:52
2 - 39% - 40% - 3:04
PK Forward
1 - 82% - 60% - 3:16
2 - 18% - 40% - 0:42
PK Defense
1 - 64% - 60% - 2:32
2 - 36% - 40% - 1:26
PK3 Forward
1 - 0% - 60%
2 - 0% - 40%
PK3 Defense
1 - 0% - 60%
2 - 0% - 40%
44 Forward
1 - 0% - 60%
2 - 0% - 40%
44 Defense
1 - 0% - 60%
2 - 0% - 40%
Last Minute Offensive  - 0:00
Last Minute Defensive  - 0:00
Total
Forward - 60:00
Defense - 60:00

Play-by-Play

1st period


0:01 of 1st period - Auston Matthews wins face-off versus Anthony Cirelli in neutral zone.
0:52 of 1st period - Slapshot by Cale Makar.
0:52 of 1st period - Stopped by Jonathan Quick with a rebound.
0:58 of 1st period - Wrist shot by Sam Bennett.
0:58 of 1st period - Stopped by Jonathan Quick with a rebound.
1:41 of 1st period - Snap shot by Colin White.
1:41 of 1st period - Stopped by Jack Campbell without a rebound.
1:42 of 1st period - Adam Lowry wins face-off versus Melker Karlsson in Penguins zone.
2:09 of 1st period - Roman Polak is hit by Cody Eakin and loses puck.
2:14 of 1st period - Wrist shot by Colin White.
2:14 of 1st period - Shot Misses the Net.
2:32 of 1st period - Brian Boyle is hit by Dominik Simon and loses puck.
2:47 of 1st period - Ryan Sproul is hit by Patric Hornqvist and loses puck.
2:54 of 1st period - Snap shot by Joel Armia.
2:54 of 1st period - Deflect By Patric Hornqvist.
2:54 of 1st period - Stopped by Jonathan Quick with a rebound.
2:56 of 1st period - Wrist shot by Adam Lowry.
2:56 of 1st period - Stopped by Jonathan Quick with a rebound.
2:58 of 1st period - Snap shot by Joel Armia.
2:58 of 1st period - Shot Blocked by MacKenzie Weegar.
3:08 of 1st period - MacKenzie Weegar is hit by Reid Boucher and loses puck.
3:31 of 1st period - Cody Eakin is hit by Roman Polak and loses puck.
3:45 of 1st period - Off-side.
3:46 of 1st period - Brian Boyle wins face-off versus Melker Karlsson in neutral zone.
4:11 of 1st period - Melker Karlsson is hit by Tyler Myers and loses puck.
4:20 of 1st period - Slapshot by Auston Matthews.
4:20 of 1st period - Stopped by Jonathan Quick with a rebound.
4:40 of 1st period - Slapshot by Cody Eakin.
4:40 of 1st period - Deflect By Colin White.
4:40 of 1st period - Stopped by Jack Campbell with a rebound.
5:03 of 1st period - Slapshot by Brent Burns.
5:03 of 1st period - Deflect By Reid Boucher.
5:03 of 1st period - Shot Misses the Net.
5:03 of 1st period - Puck is out of play.
5:04 of 1st period - Auston Matthews wins face-off versus Anthony Cirelli in Blues zone.
5:25 of 1st period - Minor Penalty to Markus Granlund for Roughing.
5:26 of 1st period - Anthony Cirelli wins face-off versus Adam Lowry in Penguins zone.
5:31 of 1st period - Wrist shot by Anthony Cirelli.
5:31 of 1st period - Stopped by Jack Campbell without a rebound.
5:32 of 1st period - Adam Lowry wins face-off versus Anthony Cirelli in Penguins zone.
7:13 of 1st period - Snap shot by Sam Bennett.
7:13 of 1st period - Stopped by Jonathan Quick with a rebound.
7:25 of 1st period - Penalty to Markus Granlund is over, Markus Granlund is back on ice.
7:55 of 1st period - Snap shot by Curtis Lazar.
7:55 of 1st period - Shot Blocked by Miro Heiskanen.
7:57 of 1st period - Slapshot by Dominik Simon.
7:57 of 1st period - Stopped by Jack Campbell without a rebound.
7:58 of 1st period - Brian Boyle wins face-off versus Dominik Simon in Penguins zone.
8:28 of 1st period - Snap shot by Patric Hornqvist.
8:28 of 1st period - Stopped by Jonathan Quick with a rebound.
8:34 of 1st period - Wrist shot by Cody Eakin.
8:34 of 1st period - Shot Misses the Net.
8:48 of 1st period - Slapshot by Brent Burns.
8:48 of 1st period - Shot Misses the Net.
9:29 of 1st period - Jason Demers is hit by Brian Boyle and loses puck.
9:58 of 1st period - Snap shot by Colin White.
9:58 of 1st period - Shot Misses the Net.
10:00 of 1st period - Wrist shot by Colin White.
10:00 of 1st period - Stopped by Jack Campbell without a rebound.
10:01 of 1st period - Auston Matthews wins face-off versus Anthony Cirelli in Penguins zone.
10:52 of 1st period - Matt Martin is hit by Marcus Foligno and loses puck.
11:31 of 1st period - Wrist shot by Anthony Cirelli.
11:31 of 1st period - Shot Blocked by Roman Polak.
11:33 of 1st period - Slapshot by Colin White.
11:33 of 1st period - Deflect By Cody Eakin.
11:33 of 1st period - Shot Blocked by Dmitry Orlov.
11:33 of 1st period - Puck is out of play.
11:34 of 1st period - Adam Lowry wins face-off versus Anthony Cirelli in Penguins zone.
11:34 of 1st period - Adam Lowry is hit by Jordan Oesterle.
11:40 of 1st period - Snap shot by Patric Hornqvist.
11:40 of 1st period - Stopped by Jonathan Quick without a rebound.
11:41 of 1st period - Anthony Cirelli wins face-off versus Patric Hornqvist in Blues zone.
11:48 of 1st period - Off-side.
11:49 of 1st period - Anthony Cirelli wins face-off versus Auston Matthews in neutral zone.
11:52 of 1st period - Slapshot by Anthony Cirelli.
11:52 of 1st period - Stopped by Jack Campbell without a rebound.
11:53 of 1st period - Auston Matthews wins face-off versus Anthony Cirelli in Penguins zone.
12:11 of 1st period - Colin White is hit by Dmitry Orlov.
13:16 of 1st period - Icing by Dmitry Orlov.
13:17 of 1st period - Tim Schaller wins face-off versus Anthony Cirelli in Penguins zone.
13:22 of 1st period - Wrist shot by Reid Boucher.
13:22 of 1st period - Stopped by Jonathan Quick with a rebound.
13:48 of 1st period - Snap shot by Reid Boucher.
13:48 of 1st period - Deflect By Marcus Foligno.
13:48 of 1st period - Shot Misses the Net.
13:48 of 1st period - Puck is out of play.
13:49 of 1st period - Auston Matthews wins face-off versus Melker Karlsson in Blues zone.
14:49 of 1st period - Matt Martin is hit by Cale Makar and loses puck.
14:53 of 1st period - Icing by Matt Martin.
14:54 of 1st period - Dominik Simon wins face-off versus Auston Matthews in Blues zone.
15:04 of 1st period - Off-side.
15:05 of 1st period - Auston Matthews wins face-off versus Cody Eakin in neutral zone.
15:33 of 1st period - Wrist shot by Melker Karlsson.
15:33 of 1st period - Stopped by Jack Campbell with a rebound.
15:35 of 1st period - Slapshot by Jordan Oesterle.
15:35 of 1st period - Stopped by Jack Campbell with a rebound.
15:37 of 1st period - Snap shot by Matt Benning.
15:37 of 1st period - Deflect By Melker Karlsson.
15:37 of 1st period - Stopped by Jack Campbell without a rebound.
15:38 of 1st period - Adam Lowry wins face-off versus Melker Karlsson in Penguins zone.
15:43 of 1st period - Snap shot by Patric Hornqvist.
15:43 of 1st period - Stopped by Jonathan Quick with a rebound.
15:45 of 1st period - Slapshot by Adam Lowry.
15:45 of 1st period - Shot Misses the Net.
15:47 of 1st period - Wrist shot by Tyler Myers.
15:47 of 1st period - Stopped by Jonathan Quick without a rebound.
15:48 of 1st period - Melker Karlsson wins face-off versus Auston Matthews in Blues zone.
15:48 of 1st period - Melker Karlsson is hit by Markus Granlund.
15:55 of 1st period - Off-side.
15:56 of 1st period - Anthony Cirelli wins face-off versus Auston Matthews in neutral zone.
16:43 of 1st period - Matt Benning is hit by Marcus Foligno and loses puck.
17:12 of 1st period - Snap shot by Dominik Simon.
17:12 of 1st period - Shot Misses the Net.
17:14 of 1st period - Snap shot by Curtis Lazar.
17:14 of 1st period - Stopped by Jack Campbell without a rebound.
17:15 of 1st period - Anthony Cirelli wins face-off versus Auston Matthews in Penguins zone.
17:22 of 1st period - Wrist shot by Colin White.
17:22 of 1st period - Deflect By Cody Eakin.
17:22 of 1st period - Stopped by Jack Campbell without a rebound.
17:23 of 1st period - Auston Matthews wins face-off versus Anthony Cirelli in Penguins zone.
17:25 of 1st period - Minor Penalty to Auston Matthews for Roughing.
17:26 of 1st period - Anthony Cirelli wins face-off versus Adam Lowry in Penguins zone.
17:34 of 1st period - Snap shot by Colin White.
17:34 of 1st period - Stopped by Jack Campbell with a rebound.
17:36 of 1st period - Slapshot by David Schlemko.
17:36 of 1st period - Stopped by Jack Campbell without a rebound.
17:37 of 1st period - Adam Lowry wins face-off versus Anthony Cirelli in Penguins zone.
17:52 of 1st period - Slapshot by Anthony Cirelli.
17:52 of 1st period - Shot Misses the Net.
19:25 of 1st period - Penalty to Auston Matthews is over, Auston Matthews is back on ice.
19:53 of 1st period - Mikkel Boedker is hit by Ryan Reaves and loses puck.
Goals for this period are 0 for Penguins vs 0 for Blues.
Shots for this period are 11 for Penguins vs 13 for Blues.

2nd period


0:01 of 2nd period - Auston Matthews wins face-off versus Colin White in neutral zone.
0:06 of 2nd period - Snap shot by Mikael Granlund.
0:06 of 2nd period - Stopped by Jonathan Quick with a rebound.
0:08 of 2nd period - Wrist shot by Markus Granlund.
0:08 of 2nd period - Deflect By Auston Matthews.
0:08 of 2nd period - Stopped by Jonathan Quick with a rebound.
0:10 of 2nd period - Wrist shot by Markus Granlund.
0:10 of 2nd period - Stopped by Jonathan Quick with a rebound.
0:23 of 2nd period - Icing by David Schlemko.
0:24 of 2nd period - Adam Lowry wins face-off versus Melker Karlsson in Blues zone.
0:31 of 2nd period - Snap shot by Patric Hornqvist.
0:31 of 2nd period - Shot Misses the Net.
1:55 of 2nd period - Wrist shot by Reid Boucher.
1:55 of 2nd period - Stopped by Jonathan Quick without a rebound.
1:56 of 2nd period - Anthony Cirelli wins face-off versus Tim Schaller in Blues zone.
2:23 of 2nd period - Minor Penalty to Anthony Cirelli for Interference.
2:24 of 2nd period - Auston Matthews wins face-off versus Matt Martin in Blues zone.
3:37 of 2nd period - Snap shot by Mikael Granlund.
3:37 of 2nd period - Shot Hit the Post.
4:23 of 2nd period - Penalty to Anthony Cirelli is over, Anthony Cirelli is back on ice.
5:00 of 2nd period - Wrist shot by Reid Boucher.
5:00 of 2nd period - Goal by Reid Boucher - Penguins : 1 - Blues : 0.
5:01 of 2nd period - Brian Boyle wins face-off versus Cody Eakin in neutral zone.
5:22 of 2nd period - Minor Penalty to Roman Polak for Roughing.
5:23 of 2nd period - Adam Lowry wins face-off versus Anthony Cirelli in Penguins zone.
5:38 of 2nd period - Wrist shot by Cale Makar.
5:38 of 2nd period - Shot Blocked by Colin White.
6:59 of 2nd period - Cale Makar is hit by Jordan Oesterle and loses puck.
7:22 of 2nd period - Penalty to Roman Polak is over, Roman Polak is back on ice.
8:27 of 2nd period - Snap shot by Joel Armia.
8:27 of 2nd period - Deflect By Patric Hornqvist.
8:27 of 2nd period - Stopped by Jonathan Quick without a rebound.
8:28 of 2nd period - Adam Lowry wins face-off versus Anthony Cirelli in Blues zone.
8:49 of 2nd period - David Schlemko is hit by Brent Burns and loses puck.
9:07 of 2nd period - Icing by Michael Frolik.
9:08 of 2nd period - Michael Frolik wins face-off versus Brian Boyle in Blues zone.
9:17 of 2nd period - Brian Boyle is hit by Adam Fox and loses puck.
9:40 of 2nd period - Snap shot by Colin White.
9:40 of 2nd period - Shot Misses the Net.
9:42 of 2nd period - Snap shot by Colin White.
9:42 of 2nd period - Shot Misses the Net.
9:52 of 2nd period - Cale Makar is hit by Jason Demers and loses puck.
9:59 of 2nd period - Snap shot by Denis Malgin.
9:59 of 2nd period - Shot Misses the Net.
10:01 of 2nd period - Snap shot by Denis Malgin.
10:01 of 2nd period - Goal by Denis Malgin - Penguins : 1 - Blues : 1.
10:02 of 2nd period - Mikael Granlund wins face-off versus Anthony Cirelli in neutral zone.
10:29 of 2nd period - Adam Lowry is hit by Jason Demers and loses puck.
10:52 of 2nd period - Slapshot by Dominik Simon.
10:52 of 2nd period - Stopped by Jack Campbell with a rebound.
11:14 of 2nd period - Wrist shot by Auston Matthews.
11:14 of 2nd period - Shot Misses the Net.
11:16 of 2nd period - Snap shot by Markus Granlund.
11:16 of 2nd period - Stopped by Jonathan Quick with a rebound.
11:18 of 2nd period - Slapshot by Markus Granlund.
11:18 of 2nd period - Stopped by Jonathan Quick with a rebound.
11:32 of 2nd period - Slapshot by Colin White.
11:32 of 2nd period - Stopped by Jack Campbell without a rebound.
11:33 of 2nd period - Anthony Cirelli wins face-off versus Tim Schaller in Penguins zone.
11:34 of 2nd period - Wrist shot by Colin White.
11:34 of 2nd period - Shot Misses the Net.
11:36 of 2nd period - Snap shot by Anthony Cirelli.
11:36 of 2nd period - Shot Misses the Net.
11:40 of 2nd period - Wrist shot by Cody Eakin.
11:40 of 2nd period - Stopped by Jack Campbell with a rebound.
11:42 of 2nd period - Wrist shot by Adam Fox.
11:42 of 2nd period - Shot Misses the Net.
11:44 of 2nd period - Backhand shot by Anthony Cirelli.
11:44 of 2nd period - Shot Misses the Net.
11:46 of 2nd period - Snap shot by Anthony Cirelli.
11:46 of 2nd period - Shot Misses the Net.
11:48 of 2nd period - Slapshot by Brendan Smith.
11:48 of 2nd period - Shot Blocked by Roman Polak.
11:58 of 2nd period - Reid Boucher is hit by Curtis Lazar and loses puck.
13:31 of 2nd period - Icing by Dominik Simon.
13:32 of 2nd period - Dominik Simon wins face-off versus Auston Matthews in Blues zone.
13:32 of 2nd period - Dominik Simon is hit by Mikael Granlund.
13:39 of 2nd period - Icing by Auston Matthews.
13:40 of 2nd period - Anthony Cirelli wins face-off versus Auston Matthews in Penguins zone.
14:18 of 2nd period - Corey Perry is hit by Joel Armia and loses puck.
14:35 of 2nd period - Snap shot by Ryan Reaves.
14:35 of 2nd period - Deflect By Denis Malgin.
14:35 of 2nd period - Stopped by Jack Campbell with a rebound.
14:51 of 2nd period - Snap shot by Patric Hornqvist.
14:51 of 2nd period - Stopped by Jonathan Quick with a rebound.
14:59 of 2nd period - Wrist shot by Joel Armia.
14:59 of 2nd period - Shot Misses the Net.
15:01 of 2nd period - Slapshot by Roman Polak.
15:01 of 2nd period - Stopped by Jonathan Quick with a rebound.
15:05 of 2nd period - Snap shot by Patric Hornqvist.
15:05 of 2nd period - Shot Misses the Net.
15:07 of 2nd period - Slapshot by Dmitry Orlov.
15:07 of 2nd period - Stopped by Jonathan Quick with a rebound.
15:09 of 2nd period - Slapshot by Roman Polak.
15:09 of 2nd period - Stopped by Jonathan Quick without a rebound.
15:10 of 2nd period - Auston Matthews wins face-off versus Anthony Cirelli in Blues zone.
15:15 of 2nd period - Snap shot by Cody Eakin.
15:15 of 2nd period - Deflect By Colin White.
15:15 of 2nd period - Shot Misses the Net.
15:15 of 2nd period - Puck is out of play.
15:16 of 2nd period - Anthony Cirelli wins face-off versus Auston Matthews in Penguins zone.
15:17 of 2nd period - Slapshot by Colin White.
15:17 of 2nd period - Goal by Colin White - Penguins : 1 - Blues : 2.
15:18 of 2nd period - Auston Matthews wins face-off versus Anthony Cirelli in neutral zone.
15:21 of 2nd period - David Schlemko is hit by Markus Granlund and loses puck.
15:35 of 2nd period - Markus Granlund is hit by Colin White and loses puck.
16:09 of 2nd period - Slapshot by Brian Boyle.
16:09 of 2nd period - Shot Blocked by Curtis Lazar.
16:19 of 2nd period - Sam Bennett is hit by Jordan Oesterle and loses puck.
16:38 of 2nd period - Wrist shot by Ryan Reaves.
16:38 of 2nd period - Goal by Ryan Reaves - Penguins : 1 - Blues : 3.
16:39 of 2nd period - Auston Matthews wins face-off versus Anthony Cirelli in neutral zone.
16:41 of 2nd period - Off-side.
16:42 of 2nd period - Anthony Cirelli wins face-off versus Auston Matthews in neutral zone.
17:33 of 2nd period - Slapshot by Joel Armia.
17:33 of 2nd period - Deflect By Adam Lowry.
17:33 of 2nd period - Shot Misses the Net.
17:33 of 2nd period - Puck is out of play.
17:34 of 2nd period - Adam Lowry wins face-off versus Melker Karlsson in Blues zone.
17:35 of 2nd period - Slapshot by Brent Burns.
17:35 of 2nd period - Deflect By Patric Hornqvist.
17:35 of 2nd period - Shot Misses the Net.
17:35 of 2nd period - Puck is out of play.
17:36 of 2nd period - Auston Matthews wins face-off versus Corey Perry in Blues zone.
18:48 of 2nd period - Colin White is hit by Markus Granlund and loses puck.
19:47 of 2nd period - Minor Penalty to Adam Lowry for Roughing.
19:48 of 2nd period - Anthony Cirelli wins face-off versus Reid Boucher in Penguins zone.
19:53 of 2nd period - Snap shot by Anthony Cirelli.
19:53 of 2nd period - Shot Blocked by Roman Polak.
19:55 of 2nd period - Slapshot by Jordan Oesterle.
19:55 of 2nd period - Stopped by Jack Campbell without a rebound.
19:56 of 2nd period - Reid Boucher wins face-off versus Anthony Cirelli in Penguins zone.
Goals for this period are 1 for Penguins vs 3 for Blues.
Shots for this period are 12 for Penguins vs 8 for Blues.

3rd period


0:01 of 3rd period - Reid Boucher wins face-off versus Cody Eakin in neutral zone.
0:56 of 3rd period - Reid Boucher is hit by Colin White and loses puck.
1:22 of 3rd period - Sam Bennett is hit by Corey Perry and loses puck.
1:47 of 3rd period - Penalty to Adam Lowry is over, Adam Lowry is back on ice.
1:57 of 3rd period - Snap shot by Curtis Lazar.
1:57 of 3rd period - Shot Misses the Net.
2:15 of 3rd period - Wrist shot by Ryan Reaves.
2:15 of 3rd period - Shot Misses the Net.
2:21 of 3rd period - Snap shot by Reid Boucher.
2:21 of 3rd period - Shot Misses the Net.
3:37 of 3rd period - Wrist shot by Colin White.
3:37 of 3rd period - Shot Misses the Net.
4:24 of 3rd period - Slapshot by Mikkel Boedker.
4:24 of 3rd period - Shot Misses the Net.
4:39 of 3rd period - Michael Frolik is hit by Roman Polak and loses puck.
5:00 of 3rd period - Roman Polak is hit by Ryan Reaves and loses puck.
5:13 of 3rd period - Auston Matthews is hit by Cody Eakin and loses puck.
5:23 of 3rd period - Icing by Jordan Oesterle.
5:24 of 3rd period - Dominik Simon wins face-off versus Brian Boyle in Blues zone.
5:24 of 3rd period - Dominik Simon is hit by Sam Bennett.
5:52 of 3rd period - Wrist shot by Matt Martin.
5:52 of 3rd period - Deflect By Colin White.
5:52 of 3rd period - Shot Misses the Net.
5:52 of 3rd period - Puck is out of play.
5:53 of 3rd period - Cody Eakin wins face-off versus Auston Matthews in Penguins zone.
5:59 of 3rd period - Cale Makar is hit by David Schlemko and loses puck.
6:06 of 3rd period - Backhand shot by Auston Matthews.
6:06 of 3rd period - Shot Misses the Net.
6:08 of 3rd period - Slapshot by Tyler Myers.
6:08 of 3rd period - Deflect By Mikael Granlund.
6:08 of 3rd period - Stopped by Jonathan Quick with a rebound.
6:10 of 3rd period - Wrist shot by Auston Matthews.
6:10 of 3rd period - Shot Blocked by Anthony Cirelli.
6:12 of 3rd period - Wrist shot by Markus Granlund.
6:12 of 3rd period - Stopped by Jonathan Quick without a rebound.
6:13 of 3rd period - Adam Lowry wins face-off versus Melker Karlsson in Blues zone.
6:58 of 3rd period - Adam Fox is hit by Tyler Myers and loses puck.
7:21 of 3rd period - Cody Eakin is hit by Sam Bennett.
7:22 of 3rd period - Icing by Cody Eakin.
7:23 of 3rd period - Anthony Cirelli wins face-off versus Adam Lowry in Blues zone.
7:32 of 3rd period - Snap shot by Cody Eakin.
7:32 of 3rd period - Shot Misses the Net.
7:53 of 3rd period - Wrist shot by Michael Frolik.
7:53 of 3rd period - Shot Blocked by Dmitry Orlov.
7:55 of 3rd period - Slapshot by Melker Karlsson.
7:55 of 3rd period - Shot Blocked by Auston Matthews.
7:57 of 3rd period - Snap shot by Melker Karlsson.
7:57 of 3rd period - Stopped by Jack Campbell without a rebound.
7:58 of 3rd period - Michael Frolik wins face-off versus Auston Matthews in Penguins zone.
7:59 of 3rd period - Snap shot by Corey Perry.
7:59 of 3rd period - Deflect By Michael Frolik.
7:59 of 3rd period - Shot Blocked by Cale Makar.
7:59 of 3rd period - Puck is out of play.
8:00 of 3rd period - Melker Karlsson wins face-off versus Auston Matthews in Penguins zone.
8:30 of 3rd period - Wrist shot by Patric Hornqvist.
8:30 of 3rd period - Shot Blocked by Cody Eakin.
8:32 of 3rd period - Snap shot by Patric Hornqvist.
8:32 of 3rd period - Shot Misses the Net.
8:34 of 3rd period - Snap shot by Patric Hornqvist.
8:34 of 3rd period - Shot Misses the Net.
8:36 of 3rd period - Snap shot by Adam Lowry.
8:36 of 3rd period - Stopped by Jonathan Quick without a rebound.
8:37 of 3rd period - Melker Karlsson wins face-off versus Brian Boyle in Blues zone.
9:02 of 3rd period - Roman Polak is hit by Colin White.
9:12 of 3rd period - Auston Matthews is hit by Jordan Oesterle and loses puck.
9:44 of 3rd period - Backhand shot by Ryan Reaves.
9:44 of 3rd period - Stopped by Jack Campbell with a rebound.
9:46 of 3rd period - Slapshot by MacKenzie Weegar.
9:46 of 3rd period - Deflect By Miro Heiskanen.
9:46 of 3rd period - Stopped by Jack Campbell without a rebound.
9:47 of 3rd period - Tim Schaller wins face-off versus Denis Malgin in Penguins zone.
11:19 of 3rd period - Ryan Reaves is hit by Miro Heiskanen and loses puck.
11:41 of 3rd period - Wrist shot by Colin White.
11:41 of 3rd period - Shot Blocked by Auston Matthews.
11:43 of 3rd period - Snap shot by Cody Eakin.
11:43 of 3rd period - Shot Blocked by Auston Matthews.
11:45 of 3rd period - Slapshot by Colin White.
11:45 of 3rd period - Deflect By Brent Burns.
11:45 of 3rd period - Shot Misses the Net.
11:45 of 3rd period - Puck is out of play.
11:46 of 3rd period - Auston Matthews wins face-off versus Anthony Cirelli in Penguins zone.
11:53 of 3rd period - Slapshot by Auston Matthews.
11:53 of 3rd period - Deflect By Mikael Granlund.
11:53 of 3rd period - Shot Misses the Net.
11:53 of 3rd period - Puck is out of play.
11:54 of 3rd period - Anthony Cirelli wins face-off versus Auston Matthews in Blues zone.
12:30 of 3rd period - Minor Penalty to David Schlemko for Hooking.
12:31 of 3rd period - Auston Matthews wins face-off versus Cody Eakin in Blues zone.
12:41 of 3rd period - Slapshot by Brent Burns.
12:41 of 3rd period - Shot Blocked by Jason Demers.
13:31 of 3rd period - Slapshot by Matt Benning.
13:31 of 3rd period - Stopped by Jack Campbell with a rebound.
13:53 of 3rd period - Joel Armia is hit by Melker Karlsson and loses puck.
14:16 of 3rd period - Patric Hornqvist is hit by Michael Frolik and loses puck.
14:30 of 3rd period - Penalty to David Schlemko is over, David Schlemko is back on ice.
14:37 of 3rd period - Snap shot by Jeremy Bracco.
14:37 of 3rd period - Stopped by Jack Campbell with a rebound.
14:41 of 3rd period - Wrist shot by Denis Malgin.
14:41 of 3rd period - Shot Blocked by Dmitry Orlov.
14:45 of 3rd period - Snap shot by Denis Malgin.
14:45 of 3rd period - Shot Misses the Net.
14:47 of 3rd period - Slapshot by Ryan Reaves.
14:47 of 3rd period - Shot Blocked by Marcus Foligno.
15:03 of 3rd period - Snap shot by Matt Martin.
15:03 of 3rd period - Shot Misses the Net.
16:29 of 3rd period - Wrist shot by Mikael Granlund.
16:29 of 3rd period - Shot Misses the Net.
16:48 of 3rd period - Icing by MacKenzie Weegar.
16:49 of 3rd period - Mikkel Boedker wins face-off versus Melker Karlsson in Blues zone.
16:56 of 3rd period - Snap shot by Sam Bennett.
16:56 of 3rd period - Stopped by Jonathan Quick with a rebound.
16:58 of 3rd period - Slapshot by Cale Makar.
16:58 of 3rd period - Shot Blocked by Melker Karlsson.
17:00 of 3rd period - Slapshot by Tyler Myers.
17:00 of 3rd period - Shot Blocked by Corey Perry.
17:06 of 3rd period - Melker Karlsson is hit by Tyler Myers and loses puck.
17:27 of 3rd period - Wrist shot by Mikael Granlund.
17:27 of 3rd period - Stopped by Jonathan Quick without a rebound.
17:28 of 3rd period - Adam Lowry wins face-off versus Matt Martin in Blues zone.
17:55 of 3rd period - Roman Polak is hit by Michael Frolik and loses puck.
18:20 of 3rd period - Wrist shot by Colin White.
18:20 of 3rd period - Deflect By Brent Burns.
18:20 of 3rd period - Stopped by Jack Campbell with a rebound.
18:22 of 3rd period - Snap shot by Anthony Cirelli.
18:22 of 3rd period - Stopped by Jack Campbell without a rebound.
18:23 of 3rd period - Auston Matthews wins face-off versus Anthony Cirelli in Penguins zone.
18:49 of 3rd period - Mikael Granlund is hit by Adam Fox and loses puck.
19:13 of 3rd period - Icing by Colin White.
19:14 of 3rd period - Brian Boyle wins face-off versus Anthony Cirelli in Blues zone.
19:23 of 3rd period - Slapshot by Cale Makar.
19:23 of 3rd period - Deflect By Mikkel Boedker.
19:23 of 3rd period - Shot Blocked by Brendan Smith.
19:23 of 3rd period - Puck is out of play.
19:24 of 3rd period - Brian Boyle wins face-off versus Anthony Cirelli in Blues zone.
19:27 of 3rd period - Slapshot by Cale Makar.
19:27 of 3rd period - Stopped by Jonathan Quick with a rebound.
19:29 of 3rd period - Slapshot by Brian Boyle.
19:29 of 3rd period - Shot Blocked by Jason Demers.
19:31 of 3rd period - Snap shot by Sam Bennett.
19:31 of 3rd period - Stopped by Jonathan Quick with a rebound.
19:33 of 3rd period - Slapshot by Tyler Myers.
19:33 of 3rd period - Shot Hit the Post.
19:35 of 3rd period - Snap shot by Mikkel Boedker.
19:35 of 3rd period - Shot Blocked by Jason Demers.
19:37 of 3rd period - Slapshot by Cale Makar.
19:37 of 3rd period - Shot Misses the Net.
19:39 of 3rd period - Wrist shot by Sam Bennett.
19:39 of 3rd period - Stopped by Jonathan Quick with a rebound.
Goals for this period are 0 for Penguins vs 0 for Blues.
Shots for this period are 8 for Penguins vs 7 for Blues.